 Dungeon Crawl Stone Soup version 0.27.0-1-g7a089689b8 (webtiles) character file.

Game seed: 2164037418043429906

4 vogonpoet the Gusty (level 1, 0/10 HPs)
             Began as a Tengu Air Elementalist on Aug 9, 2021.
             Slain by a jackal (2 damage)
             ... on level 1 of the Dungeon.
             The game lasted 00:01:24 (152 turns).

vogonpoet the Gusty (Tengu Air Elementalist)         Turns: 152, Time: 00:01:25

Health: 0/10       AC:  2    Str:  8    XL:     1   Next: 70%
Magic:  3/4        EV: 12    Int: 15    God:
Gold:   0          SH:  0    Dex: 14    Spells: 3/4 levels left

rFire    . . .     SeeInvis .   b - +0 dagger
rCold    . . .     Faith    .   (no shield)
rNeg     . . .     Spirit   .   a - +0 robe
rPois    .         Reflect  .   (helmet restricted)
rElec    .         Harm     .   (no cloak)
rCorr    .         Rampage  .   (no gloves)
Will     .....                  (boots unavailable)
Stlth    ++........             (no amulet)
HPRegen  0.03/turn              (no ring)
MPRegen  0.09/turn              (no ring)

@: no status effects
A: beak, talons 3
a: no special abilities


You were on level 1 of the Dungeon.
You visited 1 branch of the dungeon, and saw 1 of its levels.

Inventory:

Hand Weapons
 b - a +0 dagger (weapon)
Armour
 a - a +0 robe (worn)


   Skills:
 - Level 2.1 Dodging
 - Level 2.0 Stealth
 - Level 2.0 Spellcasting
 + Level 1.4 Conjurations
 + Level 4.4 Air Magic


You had 3 spell levels left.
You knew the following spells:

 Your Spells              Type           Power      Damage    Failure   Level
a - Shock                 Conj/Air       40%        1d5       7%          1

Your spell library contained the following spells:

 Spells                   Type           Power      Damage    Failure   Level
 Static Discharge         Conj/Air       10%        N/A       10%         2
 Swiftness                Air            14%        N/A       11%         3
 Airstrike                Air            7%         N/A       34%         4


Dungeon Overview and Level Annotations

Branches:
Dungeon (1/15)

Altars:


Innate Abilities, Weirdness & Mutations

You have a beak for a mouth.
You have claws for feet.


Message History

Aiming: Shock (safe; 7% risk of failure)
Press: ? - help, Shift-Dir - straight line, f - jackal
Aim: a jackal (wandering, hasn't noticed you, 60% to hit)
The zap hits the jackal.
The jackal is moderately wounded.
The jackal barks!
You hear a bark!
A jackal comes into view.
The jackal bites you.
* * * LOW HITPOINT WARNING * * *
You barely miss the jackal. Your kick misses the jackal.
The jackal is moderately wounded.
The jackal pauses to sniff the ground.
The jackal closely misses you.
You hit the jackal but do no damage.
The jackal is moderately wounded.
The jackal misses you. The jackal barely misses you.
You hit the jackal but do no damage.
The jackal is moderately wounded.
The jackal bites you but does no damage.
The jackal bites you.
* * * LOW HITPOINT WARNING * * *
The jackal barely misses you.
A jackal comes into view.
The jackal bites you but does no damage.
The jackal bites you.
* * * LOW HITPOINT WARNING * * *
The jackal bites you but does no damage.
The jackal barks!
The jackal closely misses you. The jackal closely misses you.
The jackal closely misses you. The jackal barely misses you.
Casting: Shock (safe; 7% risk of failure)
Confirm with . or Enter, or press ? or * to list all spells.
Aiming: Shock (safe; 7% risk of failure)
Press: ? - help, Shift-Dir - straight line, p - jackal The zap misses the jackal.
The zap hits the jackal.
The jackal is moderately wounded.
The jackal bites you.
You die...

#...'.⌠.#.).#
#...#...#...#
######'###'##
#...#...# +.⌠.'...#
#...#...# #+#
######'##.. #.#
###........
#@######...###....
#.h.hhh...## ....
#######...# ...##
#...##.....
#..........#
##########hh....#..##
#.........h..##...
#............# ...
#........)#### ..


You could see 4 jackals.

Vanquished Creatures
  2 endoplasms (D:1)
  A goblin (D:1)
  A kobold (D:1)
4 creatures vanquished.

Notes
Turn   | Place    | Note
-------+----------+-------------------------------------------
     0 | D:1      | vogonpoet the Tengu Air Elementalist began the quest for
                  | the Orb.
     0 | D:1      | Reached XP level 1. HP: 10/10 MP: 4/4
   152 | D:1      | Slain by a jackal

Illustrated notes

Levels and vault maps discovered:
D:1:      co_arrival_random_square_maze, layout_rooms,
          hellmonk_ecumenical_altar_blasted, chequers_serial_rivers_micro_e,
          minmay_misc_feat_enclosed

Action                   || total
-------------------------++-------
Melee: Dagger            ||     3
 Cast: Shock             ||     7
Armor: Robe              ||     3
Dodge: Dodged            ||     8
